 Dungeon Crawl Stone Soup version 0.15-a0-982-g22bbcf6 (webtiles) character file.

45 ChumbleSpuzz the Grasshopper (level 3, -2/16 HPs)
             Began as a Felid Warper on May 23, 2014.
             Killed from afar by a kobold (5 damage)
             ... on Level 2 of the Dungeon.
             The game lasted 00:16:57 (2463 turns).

ChumbleSpuzz the Grasshopper (Felid Warper)         Turns: 2463, Time: 00:16:57

HP  -2/16        AC  1     Str  8      XL: 3   Next: 42%
MP   8/8         EV 19     Int 14      God:
Gold 97          SH  0     Dex 15      Spells:  3 memorised,  1 level left
Lives: 0, deaths: 0

rFire  . . .     SeeInvis +       - Unarmed
rCold  . . .     Clarity  .     (armour unavailable)
rNeg   . . .     Conserve .     (shield unavailable)
rPois  .         rCorr    .     (helmet unavailable)
rElec  .         rRot     .     (cloak unavailable)
SustAb .         Spirit   .     (gloves unavailable)
rMut   .         Warding  .     (boots unavailable)
Gourm  .         Stasis   .     (no amulet)
MR     .....                    (no ring)
                                (no ring)

@: quick, not resistant to hostile enchantments, fairly stealthy
A: paw claws, no armour, no weapons or thrown items, fangs 3, see invisible,
carnivore 3, speed 1, shaggy fur 1, slow metabolism 1, jump 1
a: Jump Attack


You were on level 2 of the Dungeon.
You were not hungry.

You visited 1 branch of the dungeon, and saw 3 of its levels.

You collected 97 gold pieces.

Inventory:

Comestibles
 g - 2 meat rations
Scrolls
 b - 2 scrolls of identify {unknown}
 d - a scroll of blinking
 e - a scroll of remove curse {unknown}
 f - 3 scrolls of magic mapping {unknown}
 j - a scroll of teleportation {unknown}
Potions
 a - a potion of heal wounds {unknown}
 h - a potion of lignification {unknown}
Books
 c - a book of Spatial Translocations

   Spells                             Type                      Level
   *Apportation                       Translocation                1
   *Blink                             Translocation                2
   *Shroud of Golubria                Charms/Translocation         2
   Portal Projectile                  Translocation                3
   Teleport Other                     Translocation                3
   Passage of Golubria                Translocation                4


   Skills:
 - Level 2.0 Fighting
 - Level 4.0 Dodging
 - Level 3.1 Stealth
 - Level 2.0 Unarmed Combat
 + Level 2.3 Spellcasting
 - Level 4.4 Translocations


You had one spell level left.
You knew the following spells:

 Your Spells              Type           Power        Failure   Level  Hunger
a - Apportation           Tloc           ##........   3%          1    #......
b - Blink                 Tloc           N/A          6%          2    ###....
c - Shroud of Golubria    Chrm/Tloc      #.........   17%         2    ###....


Dungeon Overview and Level Annotations

Branches:
Dungeon (3/15)

Altars:


Innate Abilities, Weirdness & Mutations

You cannot wear armour.
You are incapable of wielding weapons or throwing items.
Your paws have sharp claws.
You have razor-sharp teeth.
You have supernaturally acute eyesight.
You are carnivorous and can eat meat at any time.
You cover ground quickly.
You are covered in fur (AC +1).
You have a slow metabolism.
You can jump attack at a short distance.


Message History

You start resting.
Magic restored.
You start resting.
All of the chunks of flesh in your inventory have completely rotted away.
You start resting.
HP restored.
The kobold is too close now for your liking.
There is an open door here.
A kobold is nearby!
The kobold throws an exploding dart.
The exploding dart misses you.
The exploding dart explodes!
The explosion of dart fragments engulfs you!
The kobold throws an exploding dart.
The exploding dart hits you.
The exploding dart explodes!
The explosion of dart fragments engulfs you!
* * * LOW HITPOINT WARNING * * *
The kobold throws an exploding dart.
The exploding dart barely misses you.
The exploding dart explodes!
The explosion of dart fragments engulfs you!
You die...

...##.#.###### ###
...##.#.##...# .).##.#.##...#
...##.#.##...# ...##.#.##...#
...(..#.##...# #######.##...#
#.##...########K#
#..'...'..@.....#
##########...##################
..............................#
############################.##
#...[..#############.##
###.##..................#
#....#.#...............##
#.#..#.# #########......#
#.#..#.# #.###.##


You could see a kobold.

Vanquished Creatures
  An adder (D:2)
  2 giant geckos (D:1)
  A giant cockroach (D:1)
  8 goblins
  3 hobgoblins
  3 jackals (D:1)
  6 bats (D:1)
  7 kobolds
  4 rats
35 creatures vanquished.

Notes
Turn   | Place    | Note
--------------------------------------------------------------
     0 | D:1      | ChumbleSpuzz, the Felid Warper, began the quest for the Orb.
     0 | D:1      | Reached XP level 1. HP: 9/9 MP: 4/4
   168 | D:1      | Reached skill level 1 in Stealth
   448 | D:1      | Reached XP level 2. HP: 13/13 MP: 5/5
   458 | D:1      | Learned a level 2 spell: Blink
   461 | D:1      | Learned a level 2 spell: Shroud of Golubria
  1673 | D:1      | Reached XP level 3. HP: 16/16 MP: 4/8
  2463 | D:2      | Killed from afar by a kobold

Action                   || total
-------------------------++-------
Melee: Unarmed           ||   137
 Cast: Apportation       ||     4
       Shroud of Golubri ||    18
  Use: Scroll            ||     2
       Potion            ||     1
 Stab: Sleeping          ||     4
